Map: Solaris LE

Players

Balance

  • Race: Terran Terran
  • Spawn Location: 7:00

Obvi - Winner!

  • Race: Zerg Zerg
  • League: Diamond
  • Spawn Location: 1:00

VOD

Have the link to the VOD?

Description

Time

  • Played on: Nov. 23, 2023, 12:37 p.m.
  • Length: 11:45
Show
View Real Time Build Order
Export as new Build Order

Balance Terran 

Build Orders: Reaper Expand 

Get SALT Encoding   

  12  0:00  SCV  
  13  0:12  SCV  
  14  0:17  Supply Depot  
  14  0:24  SCV  
  15  0:38  SCV  
  15  0:40  Barracks  
  16  0:44  Refinery  
  16  0:50  SCV  
  17  1:02  SCV  
  18  1:15  SCV  
  19  1:28  Orbital Command  
  19  1:29  Reaper  
  20  1:41  Command Center  
  20  1:52  Barracks  
  20  1:54  SCV  
  21  2:01  Barracks Reactor  
  21  2:07  Supply Depot  
  21  2:10  SCV  
  21  2:15  Refinery  
  22  2:22  SCV  
  23  2:34  SCV  
  24  2:37  Marine  
  24  2:38  Marine  
  24  2:39  Barracks Tech Lab  
  24  2:43  Factory  
  26  2:46  SCV  
  27  2:54  Orbital Command  
  27  2:58  SCV, Marine x3  
  31  3:10  Stimpack  
  31  3:16  SCV  
  31  3:18  Marine  
  31  3:19  Marine x2  
  35  3:21  SCV  
  36  3:28  Factory Reactor  
  36  3:32  Starport  
  36  3:34  SCV x2  
  36  3:36  Marine x2  
  36  3:38  Supply Depot  
  40  3:45  Supply Depot  
  40  3:46  Marine  
  40  3:47  SCV x2  
  42  3:54  Marine x2  
  44  4:03  Marine, SCV x2  
  47  4:14  Marine x2  
  47  4:16  Medivac x2  
  53  4:19  Factory Tech Lab  
  53  4:27  Marine, Supply Depot  
  53  4:29  SCV x2  
  56  4:33  Marine x2  
  58  4:44  Supply Depot  
  58  4:45  Siege Tank, Supply Depot, Marine  
  61  4:49  SCV x2  
  61  4:51  Marine x2  
  66  4:54  Supply Depot  
  66  5:09  Marine x3  
  66  5:10  SCV x2  
  71  5:25  Widow Mine  
  71  5:26  SCV x2  
  71  5:27  Marine x3  
  78  5:30  Refinery  
  78  5:31  Refinery  
  78  5:32  Supply Depot x2  
  78  5:34  Supply Depot  
  78  5:44  Marine  
  70  6:01  Marine x2  
  70  6:02  Marine  
  70  6:04  SCV x2  
  75  6:16  SCV  
  76  6:18  Barracks  
  76  6:19  Marine x2  
  76  6:20  Barracks  
  76  6:21  Barracks, Command Center  
  76  6:22  Armory, Engineering Bay x2  
  76  6:23  Marine  
  76  6:25  SCV  
  80  6:28  SCV  
  81  6:37  Factory Reactor, Marine x2  
  83  6:40  Marine  
  84  6:51  Terran Infantry Weapons Level 1, Terran Infantry Armor Level 1  
  84  7:00  Marine x3  
  87  7:02  Combat Shield  
  87  7:10  Medivac x2  
  87  7:15  Terran Ship Weapons Level 1  
  91  7:16  Widow Mine x2  
  91  7:17  Marine  
  91  7:18  Marauder, Marine  
  91  7:19  Barracks Reactor x2  
  91  7:22  Marauder  
  101  7:35  Orbital Command, Marine x2  
  103  7:38  Widow Mine x2  
  103  7:40  Marauder  
  103  7:44  Marauder  
  111  7:48  Liberator x2  
  117  7:53  Marine x2  
  119  7:59  Widow Mine x2  
  119  8:05  Marauder, Marine x4  
  127  8:06  Marauder  
  127  8:10  Orbital Command  
  127  8:11  Marine  
  132  8:15  Marine  
  133  8:28  Marine x2  
  133  8:39  Widow Mine  
  133  8:40  Widow Mine, Marauder  
  99  8:56  Medivac x2  
  99  8:57  Marauder, Marine x3  
  99  9:01  Marauder  
  99  9:02  Marine x3  
  110  9:04  SCV x2  
  110  9:05  SCV  
  110  9:09  Terran Infantry Weapons Level 2, Terran Infantry Armor Level 2  
  111  9:10  Terran Ship Weapons Level 2  
  111  9:13  Widow Mine x2  
  111  9:14  Marine x3  
  111  9:16  SCV  
  111  9:17  SCV x2  
  121  9:18  Marauder  
  121  9:20  Marine x2  
  121  9:22  Fusion Core  
  121  9:24  Concussive Shells  
  121  9:26  Marine, Medivac  
  121  9:29  SCV x3  
  125  9:34  Marauder, Marine x2  
  125  9:35  Marine  
  125  9:36  Widow Mine  
  132  9:40  Marine  
  133  9:47  Refinery  
  133  9:49  Refinery  
  133  10:34  Marauder, Marine  
  133  10:35  Widow Mine, SCV  
  89  10:50  SCV  
  90  10:59  Marauder x2, Marine x6  
  100  11:07  SCV x2  
  95  11:16  Marine  
  79  11:19  SCV x2  
  79  11:20  Marauder x2  
  79  11:21  Marine x3  
  79  11:22  Marine x2  
  79  11:23  Widow Mine  
  79  11:24  Widow Mine  
Show
View Real Time Build Order
Export as new Build Order

Obvi Zerg - Winner!

Build Orders: Hatch First 

Get SALT Encoding   

  12  0:01  Drone  
  13  0:13  Overlord  
  13  0:17  Drone  
  14  0:31  Drone x2  
  16  0:40  Drone  
  17  0:51  Hatchery  
  16  0:57  Drone  
  16  0:58  Drone  
  18  1:12  Extractor, Spawning Pool  
  18  1:15  Drone  
  17  1:19  Drone  
  18  1:29  Drone  
  19  1:39  Overlord  
  19  1:50  Drone  
  20  1:59  Queen  
  22  2:01  Zergling x2  
  22  2:04  Queen  
  22  2:05  Zergling x2  
  26  2:22  Metabolic Boost  
  26  2:28  Spore Crawler  
  26  2:30  Drone x4  
  26  2:36  Drone  
  31  2:45  Drone x2  
  33  2:52  Queen  
  33  2:54  Drone, Overlord  
  33  2:58  Hatchery  
  35  3:01  Overlord  
  35  3:06  Drone  
  36  3:16  Drone  
  36  3:17  Drone x3  
  40  3:23  Drone  
  41  3:28  Drone x4  
  45  3:38  Extractor  
  44  3:42  Drone x2  
  46  3:59  Drone x3  
  49  4:08  Baneling Nest  
  48  4:10  Evolution Chamber  
  48  4:11  Drone x6, Evolution Chamber  
  48  4:12  Drone  
  48  4:14  Overlord  
  53  4:18  Drone  
  53  4:19  Queen  
  53  4:21  Queen  
  53  4:22  Lair  
  58  4:26  Overlord  
  58  4:28  Overlord  
  58  4:29  Overlord  
  58  4:42  Drone  
  58  4:43  Zergling x6, Drone  
  58  4:44  Zergling x4  
  58  4:45  Overlord  
  65  4:47  Zergling x4  
  67  5:00  Queen x2  
  71  5:16  Baneling x4  
  70  5:31  Queen  
  70  5:35  Zergling x20  
  82  5:39  Centrifugal Hooks  
  82  5:41  Hatchery  
  82  5:42  Hatchery  
  75  5:52  Zergling x6  
  72  6:00  Baneling x3  
  72  6:01  Drone  
  73  6:07  Extractor  
  73  6:10  Zerg Melee Weapons Level 1, Infestation Pit  
  71  6:11  Drone x2  
  71  6:12  Drone x10  
  71  6:15  Extractor  
  71  6:17  Extractor x2  
  80  6:31  Hatchery  
  79  6:46  Drone, Zerg Ground Armor Level 1  
  81  6:47  Drone x2  
  81  6:51  Hatchery  
  81  6:52  Hydralisk Den  
  80  6:57  Drone x3  
  80  6:58  Drone x4  
  80  6:59  Drone x2  
  89  7:13  Drone  
  89  7:14  Drone x4  
  89  7:15  Infestor x2  
  98  7:26  Queen  
  100  7:40  Overlord x2  
  100  7:43  Zergling x2  
  100  7:44  Zergling x10, Hive  
  106  7:45  Extractor x2, Grooved Spines  
  106  7:47  Infestor x2  
  108  7:52  Drone x2  
  108  7:53  Drone  
  111  8:00  Zergling x2  
  111  8:01  Zergling x8, Drone  
  111  8:02  Drone  
  111  8:03  Zergling x14  
  111  8:04  Baneling x5  
  125  8:11  Zergling x20  
  134  8:14  Zergling x6  
  131  8:40  Overseer  
  100  8:56  Hydralisk  
  100  9:01  Hydralisk  
  102  9:24  Overlord x3  
  102  9:25  Muscular Augments  
  102  9:27  Lurker Den  
  102  9:30  Spire  
  100  9:32  Ultralisk Cavern  
  100  9:35  Drone x3  
  102  9:53  Zergling x34  
  102  9:55  Drone x3  
  102  9:56  Baneling  
  102  9:57  Baneling x13  
  102  9:58  Hydralisk  
  102  9:59  Hydralisk x7  
  138  10:01  Zergling x2  
  138  10:02  Zergling x14  
  138  10:03  Adrenal Glands  
  146  10:12  Pneumatized Carapace  
  146  10:18  Zergling x8  
  146  10:19  Overlord  
  146  10:20  Infestor, Overlord x3  
  152  10:22  Baneling x11  
  123  10:55  Overseer x2  
  123  10:59  Baneling x7  
  123  11:00  Zergling x2, Baneling  
  123  11:01  Zergling x30  
  123  11:02  Ultralisk x4  
  123  11:03  Zergling x2  
  155  11:18  Zergling x2  
Tags
 
Add a new tag
Caveats
  • Supply blocks, unpowered buildings, or Contaminate may cause inaccurate times.
  • Supply counts are checked every 10 seconds.